 Dungeon Crawl Stone Soup version 0.21.1-1-g345015fe64 (webtiles) character file.

526373 PikkenKukken the Phalangite (level 24, -2/231 HPs)
             Began as a Demonspawn Berserker on June 6, 2018.
             Was the Champion of Trog.
             Slain by an ettin
             ... wielding a +0 dire flail
              (10 damage)
             ... on level 4 of the Depths on June 7, 2018.
             The game lasted 06:20:29 (77437 turns).

PikkenKukken the Phalangite (Demonspawn Berserker) Turns: 77437, Time: 06:20:31

Health: -2/231     AC: 43    Str: 36    XL:     24   Next: 81%
Magic:  0/10       EV: 15    Int:  9    God:    Trog [******]
Gold:   3493       SH:  0    Dex: 28    Spells: 23/23 levels left

rFire    x . .     SeeInvis .   l - +8 bardiche (antimagic)
rCold    + . .     Gourm    +   (shield currently unavailable)
rNeg     + + +     Faith    .   S - +11 crystal plate armour
rPois    +         Spirit   +   P - +2 helmet
rElec    +         Reflect  .   s - +0 cloak
rCorr    .         Harm     .   C - +0 pair of gloves of the Wasteland {rF- Str+6 Dex+6}
MR       +....                  (boots unavailable)
Stlth    ..........             B - amulet of the gourmand
HPRegen  0.48/turn              D - ring "Beoto" {*Contam +Fly rPois rN+++ Str+5}
MPRegen  0.24/turn              u - ring "Nialit" {Dex+5 Slay+3}

@: confused, glowing
A: claws 1, talons 3, blurry vision 1, cold resistance 1, robust 1, electricity
resistance, spiny 3, magic shield, magic regeneration, magic link, sturdy frame
3
}: 2/15 runes: decaying, serpentine
a: Berserk, Trog's Hand, Brothers in Arms, Burn Spellbooks, Renounce Religion,
Evoke Flight


You were on level 4 of the Depths.
You worshipped Trog.
Trog was exalted by your worship.
You were very full.

You visited 9 branches of the dungeon, and saw 45 of its levels.
You visited the Abyss 3 times.
You also visited: Ossuary, Ice Cave and Wizlab.

You collected 5702 gold pieces.
You spent 2209 gold pieces at shops.

Inventory:

Hand Weapons
 a - the +5 trident of Foolhardiness {flame, *Slow +Rage rPois rN+}
   (Trog gifted it to you on level 4 of the Lair of Beasts)

   It has been specially enchanted to burn those struck by it, causing extra
   injury to most foes and up to half again as much damage against particularly
   susceptible opponents.
   It protects you from poison.
   It protects you from negative energy.
   It lets you go berserk.
   It may slow you when you take damage.
 b - a +3 longbow of venom
 g - a +4 longbow
 l - a +8 antimagic bardiche (weapon)
 M - a +9 glaive of freezing
Missiles
 i - 2324 arrows
Armour
 s - a +0 cloak (worn)
 C - the +0 pair of gloves of the Wasteland (worn) {rF- Str+6 Dex+6}
   (You found it on level 8 of the Dungeon)

   It affects your strength (+6).
   It affects your dexterity (+6).
   It makes you vulnerable to fire.
 P - a +2 helmet (worn)
 S - a +11 crystal plate armour (worn)
Jewellery
 h - the ring "Udott" {Ice MR+}
   (You found it on level 3 of the Crypt)

   [ring of ice]

   It enhances your ice magic.
   It makes you vulnerable to fire.
   It protects you from cold.
   It affects your resistance to hostile enchantments.
 k - the ring "Dofoceb" {*Corrode rElec rPois rF+ MR+}
   (You took it off a naga ritualist on level 1 of the Snake Pit)

   [ring of poison resistance]

   It protects you from fire.
   It insulates you from electricity.
   It protects you from poison.
   It affects your resistance to hostile enchantments.
   It may corrode you when you take damage.
 n - an uncursed ring of protection from fire
 q - an uncursed ring of protection from cold
 r - a +2 amulet of reflection {unknown}
 u - the ring "Nialit" (right hand) {Dex+5 Slay+3}
   (You found it on level 2 of the Orcish Mines)

   [ring of dexterity]

   It affects your dexterity (+5).
   It affects your accuracy and damage with ranged weapons and melee attacks
   (+3).
 B - an amulet of the gourmand (around neck)
 D - the ring "Beoto" (left hand) {*Contam +Fly rPois rN+++ Str+5}
   (You bought it in a shop on level 3 of the Elven Halls)

   [ring of strength]

   It affects your strength (+5).
   It protects you from poison.
   It renders you almost immune to negative energy.
   It lets you fly.
   It causes magical contamination when unequipped.
 G - an uncursed ring of see invisible
 H - a +6 ring of strength
Wands
 R - a wand of digging (51)
Scrolls
 f - 32 scrolls of remove curse
 o - 4 scrolls of blinking
 w - 8 scrolls of teleportation
 y - 3 scrolls of summoning
 K - 6 scrolls of magic mapping
 V - 2 scrolls of acquirement
 Y - 13 scrolls of identify
Potions
 d - 5 potions of heal wounds
 e - 14 potions of curing
 j - 4 potions of cancellation
 m - 5 potions of agility
 p - 6 potions of resistance
 t - 4 potions of haste
 z - a potion of berserk rage
 A - 5 potions of might
 F - 6 potions of brilliance
 N - 10 potions of flight
Books
 x - a book of Fire

   Spells                             Type                      Level
   a - Ignite Poison                  Fire/Transmutation/Poison    3
   b - Fireball                       Conjuration/Fire             5
   c - Bolt of Fire                   Conjuration/Fire             6
   d - Ring of Flames                 Charms/Fire                  7
   e - Ignition                       Fire                         8
   Trog disapproves of the use of such an item.
 T - a book of Changes

   Spells                             Type                      Level
   a - Beastly Appendage              Transmutation                1
   b - Sticks to Snakes               Transmutation                2
   c - Spider Form                    Transmutation/Poison         3
   d - Ice Form                       Ice/Transmutation            4
   e - Blade Hands                    Transmutation                5
   Trog disapproves of the use of such an item.
 U - a book of Necromancy

   Spells                             Type                      Level
   a - Pain                           Necromancy                   1
   b - Animate Skeleton               Necromancy                   1
   c - Vampiric Draining              Necromancy                   3
   d - Regeneration                   Charms/Necromancy            3
   e - Animate Dead                   Necromancy                   4
   f - Borgnjor's Vile Clutch         Necromancy/Earth             5
   Trog disapproves of the use of such an item.
 W - a Young Poisoner's Handbook

   Spells                             Type                      Level
   a - Sting                          Conjuration/Poison           1
   b - Poisonous Vapours              Poison/Air                   2
   c - Mephitic Cloud                 Conjuration/Poison/Air       3
   d - Olgreb's Toxic Radiance        Poison                       4
   e - Venom Bolt                     Conjuration/Poison           5
   Trog disapproves of the use of such an item.
Miscellaneous
 v - a phial of floods
Comestibles
 c - 65 rations


   Skills:
 + Level 21.8 Fighting
 + Level 23.3 Polearms
 - Level 14.1 Bows
 + Level 18.0 Armour
 * Level 7.5 Dodging
 - Level 12.4 Evocations


You had 23 spell levels left.
You didn't know any spells.

Dungeon Overview and Level Annotations

Branches:
Dungeon (15/15)            Temple (0/1) D:6            Lair (6/6) D:11
  Swamp (4/4) Lair:3        Snake (4/4) Lair:4        Slime (0/5) Lair:5
    Orc (2/2) D:11            Elf (3/3) Orc:2        Vaults (4/5) D:14
  Crypt (3/3) Vaults:3       Tomb (0/3) Crypt:3      Depths (4/5) D:15

Altars:
Elyvilon
Fedhas
Kikubaaqudgha
Nemelex Xobeh
Okawaru
Qazlal
Ru
Vehumet
Yredelemnul
Zin
Beogh

Shops:
D:5 ?   D:15 (:   Orc:1 [   Orc:2 *[??   Elf:2 [   Elf:3 }==   Snake:1 !}[

Portals:
Hell: Depths:1 Depths:2 Depths:3
Abyss: Depths:1 Depths:2 Depths:4
Pandemonium: Depths:3

Annotations:
Elf:2 3 runed doors
Depths:4 Mennas


Innate Abilities, Weirdness & Mutations

You have claws for feet.
You are robust. (+10% HP)
You are completely covered in sharp spines.
When hurt, damage is shared between your health and your magic reserves.
You regenerate magic rapidly.
When low on magic, you restore magic in place of health.
Your movements are significantly less encumbered by armour. (ER -6)
You have sharp fingernails.
Scrolls take you a little longer to read.
Your flesh is cold resistant. (rC+)
You are resistant to electric shocks. (rElec)


Message History

The ettin hits you with a dire flail!
* * * LOW HITPOINT WARNING * * *
The salamander completely misses you. The ettin hits you with a dire flail!!
* * * LOW HITPOINT WARNING * * *
The ettin barely misses you. The ettin is struck by your spines.
The ettin hits you but does no damage. The ettin closely misses you.
In your confused state, you trip and fall back down the stairs.
* * * LOW HITPOINT WARNING * * *
Mennas hits you but does no damage. x2; The ettin hits you but does no damage.
The ettin hits you with a dire flail of protection!
* * * LOW HITPOINT WARNING * * *
The spriggan rider hits you from afar with a spear.
* * * LOW HITPOINT WARNING * * *
The ettin is struck by your spines. The ettin barely misses you.
The ettin hits you but does no damage. Mennas hits you but does no damage.
Mennas misses you.
The salamander hits you but does no damage.
The ettin closely misses you.
The ettin hits you with an antimagic dire flail!
You die...

.≈§§......§§............####
.≈.§...≈§≈≈...............##
........≈≈.................#
.....§§§.§§.(..............##
..(##§§≈≈.§.##..............##
...##..≈§.###................##
[.###..≈≈.###..iN..#........./#
........§.....HCCC.#......#...#
......≈.......AC@.##......#.###
.§...≈≈..§≈..(.)...#......#.#
..§§≈≈!.≈≈.....N(...........##
§.§...≈C.§.....(.#.........))#
..................(.....∩...<#
.........................#####
.......................###
......................##
..^...............(..##


You could see Mennas, 4 ettins, 2 salamanders, a spriggan rider and a harpy.

Vanquished Creatures
  2 ancient liches
  A juggernaut (Depths:4)
  Bai Suzhen (Snake:4)
  Vashnia (Snake:3)
  Frederick (Vaults:4)
  Saint Roka (Orc:2)
  Xtahua (Vaults:4)
  Nikola (Depths:1)
  2 bone dragons
  Rupert (D:14)
  A Hell Sentinel (Abyss:4)
  3 liches
  2 deep elf blademasters (Elf:3)
  2 tentacled starspawn
  2 ancient champions (Crypt:2)
  Kirke (Lair:5)
  5 thorn hunters
  A tengu reaver (Depths:2)
  Frances (D:14)
  2 sphinxes
  The ghost of Faustar the Executioner, an adept HOMo of Cheibriados (Snake:3)
  9 nagarajas
  3 revenants (Crypt:2)
  8 frost giants
  Aizul (Swamp:1)
  5 fire giants
  12 vault wardens
  2 deep elf sorcerers
  A balrug (Depths:1)
  2 deep elf elementalists
  3 orc warlords
  3 curse skulls
  16 ironheart preservers
  3 entropy weavers
  A juggernaut skeleton (Crypt:2)
  4 reapers
  A ghoul (Crypt:1)
  17 stone giants
  8 very ugly things
  8 vampire knights
  3 deep elf demonologists
  5 deep elf annihilators
  A dire elephant (Lair:6)
  5 spark wasps
  An ettin (shapeshifter) (Vaults:2)
  A green death (Abyss:5)
  13 eidola
  5 deep elf death magi
  8 ettins
  A merfolk impaler (Depths:1)
  7 jiangshi
  2 mummy priests
  Josephine (D:11)
  5 fire dragons
  16 yaktaur captains
  2 deep elf high priests
  8 great orbs of eyes
  8 ice dragons
  A quicksilver dragon skeleton (Crypt:1)
  16 vault guards
  10 rakshasas
  12 hydras
  24 naga warriors
  9 anacondas
  2 spriggan air magi
  16 centaur warriors
  5 ghost crabs
  3 death knights
  Erica (D:10)
  29 two-headed ogres
  12 alligators
  6 death yaks
  The ghost of LevaFresel the Quickloader, a journeyman KoHu of Okawaru (Lair:2)
  11 dancing weapons
  10 deep troll shamans
  8 ogre magi
  8 tengu warriors
  4 titan zombies
  7 deep troll earth magi
  4 orc high priests (Orc:2)
  2 vampire magi (Depths:3)
  13 thrashing horrors
  2 spriggan berserkers (Depths:4)
  17 naga sharpshooters
  7 shock serpents
  2 salamander mystics
  7 wretched stars
  2 sun demons (Depths:1)
  3 soul eaters
  20 deep elf knights
  5 shadow wraiths
  2 storm dragon skeletons
  A sixfirhy (Abyss:5)
  2 hell knights
  A titan skeleton (Depths:2)
  2 shambling mangroves
  16 deep trolls
  2 spatial maelstroms
  A ghost moth zombie (Crypt:3)
  A fire crab (shapeshifter) (Vaults:4)
  22 skeletal warriors
  2 golden dragon zombies
  3 iron trolls
  3 glowing orange brains
  2 spectral hydras (Swamp:4)
  3 starcursed masses (Abyss:4)
  5 flayed ghosts
  A shadow dragon zombie (Crypt:3)
  10 naga ritualists
  An unseen horror (shapeshifter) (Vaults:3)
  7 unseen horrors
  7 swamp dragons
  An anaconda skeleton (Crypt:1)
  16 deep elf archers
  17 orc knights
  17 ironbrand convokers
  A lindwurm (Lair:6)
  21 phantasmal warriors
  7 wizards
  14 necromancers
  An iron dragon zombie (Crypt:3)
  3 fire giant zombies
  6 harpies (Vaults:1)
  The ghost of Ashiichan the Reanimator, a novice DENe of Yredelemnul (D:8)
  8 mana vipers
  76 ugly things
  6 wolf spiders
  20 salamanders
  An elephant (shapeshifter) (Vaults:2)
  2 frost giant zombies (Crypt:3)
  10 orc sorcerers
  A cyclops (shapeshifter) (Depths:3)
  53 deep elf magi
  A stone giant skeleton (Crypt:3)
  7 elephants
  2 centaur zombies
  A fire giant skeleton (Crypt:1)
  6 cyclopes
  13 vault sentinels
  A manticore (D:14)
  2 frost giant skeletons (Crypt:3)
  5 guardian serpents
  8 large abominations
  43 black mambas
  A dire elephant zombie (Crypt:2)
  2 ice statues (IceCv)
  A smoke demon (Abyss:5)
  27 naga magi
  A gargoyle (D:14)
  A green draconian zombie (Crypt:2)
  An apocalypse crab (Abyss:4)
  A titan simulacrum (Depths:2)
  2 spiny frogs (shapeshifter)
  13 spiny frogs
  A torpor snail (Lair:6)
  A rime drake (Lair:6)
  4 efreet
  71 yaktaurs
  11 freezing wraiths
  5 komodo dragons
  3 swamp worm zombies (Swamp:4)
  A jumping spider (Vaults:2)
  13 hellwings
  3 tengu conjurers
  6 ancient zymes
  A green draconian skeleton (Crypt:2)
  5 guardian mummies
  11 trolls
  2 polar bears
  The ghost of Chudej the Destroyer, a novice DECj (D:4)
  A harpy zombie (Crypt:3)
  2 hydra zombies (Swamp:4)
  A jumping spider (shapeshifter) (Depths:2)
  A queen bee (D:10)
  2 wind drakes (shapeshifter)
  7 hornets
  9 tyrant leeches
  A troll (shapeshifter) (D:13)
  A meliai (shapeshifter) (Vaults:3)
  34 slime creatures
  23 blink frogs
  A wolf spider simulacrum (D:15)
  A harpy skeleton (Crypt:1)
  An ice dragon zombie (Crypt:1)
  4 spectral swamp dragons (Swamp:4)
  A minotaur skeleton (Crypt:1)
  8 raiju (Abyss:5)
  9 bog bodies
  2 ettin zombies
  A hydra skeleton (Crypt:3)
  Prince Ribbit (Lair:1)
  8 hippogriffs
  6 alligator zombies
  18 dream sheep
  6 flying skulls (Crypt:2)
  An ice dragon skeleton (Crypt:1)
  A stone giant simulacrum (Vaults:3)
  10 water elementals
  A spriggan (shapeshifter) (Vaults:3)
  A fire dragon skeleton (Crypt:3)
  3 shadows
  A redback (shapeshifter) (Depths:3)
  11 wraiths
  A centaur simulacrum (D:15)
  Sigmund (D:3)
  A ynoxinul (Abyss:2)
  The ghost of Ashiichan the Magician, an amateur DECj of Sif Muna (D:3)
  4 air elementals
  A tarantella (Vaults:2)
  A wyvern (shapeshifter) (Depths:3)
  3 redbacks
  3 spriggans
  A black mamba skeleton (Crypt:3)
  2 ushabtiu
  2 ettin skeletons
  A spriggan skeleton (Depths:2)
  5 wyverns
  32 yaks
  16 humans (D:14)
  4 fire bats (Depths:3)
  A fire elemental (Elf:2)
  4 basilisks
  A hog (Lair:4)
  2 steam dragons
  A golden eye (shapeshifter) (D:14)
  A human (shapeshifter) (Depths:2)
  A spatial vortex (Abyss:2)
  2 neqoxecs
  2 hungry ghosts
  28 vampire mosquitoes
  9 wargs
  24 swamp worms
  52 nagas
  A merfolk zombie (Crypt:3)
  A chaos spawn (Abyss:4)
  10 insubstantial wisps
  10 water moccasins
  A soldier ant (shapeshifter) (Depths:3)
  3 acid dragons
  A water nymph zombie (Crypt:2)
  10 porcupines
  18 ice beasts
  A hornet zombie (D:10)
  6 swamp drakes
  5 phantoms
  An eye of draining (shapeshifter) (D:13)
  6 black bears
  4 sky beasts
  A snapping turtle zombie (Crypt:2)
  6 swamp dragon zombies
  27 ogres
  53 orc warriors
  5 wolves (Lair:6)
  A spiny frog skeleton (Crypt:1)
  23 centaurs
  A necrophage (D:10)
  An ice dragon simulacrum (Crypt:1)
  A snapping turtle skeleton (Crypt:1)
  6 boggarts
  A blink frog skeleton (Crypt:2)
  11 crocodiles
  A hog zombie (Crypt:2)
  2 big kobolds (D:8)
  17 bullfrogs
  An elf skeleton (Crypt:2)
  A wyvern zombie (D:8)
  7 earth elementals
  9 wyvern skeletons (Crypt:3)
  4 scorpions
  A water moccasin skeleton (D:8)
  39 killer bees
  2 electric eels (Lair:1)
  21 wights
  2 howler monkeys
  2 bullfrog zombies
  8 crimson imps
  3 jellies
  A wyvern simulacrum (D:15)
  3 bullfrog skeletons
  5 hounds
  32 orc priests
  26 orc wizards
  9 centaur skeletons
  An iron imp (Abyss:2)
  A human skeleton (Crypt:1)
  6 hell rats
  4 iguanas
  2 spectral swamp drakes (Swamp:4)
  11 worker ants
  3 small abominations
  9 big kobold zombies (Ossuary)
  A hound zombie (Crypt:1)
  A hound skeleton (D:4)
  8 mummies
  2 worker ant zombies
  Robin (D:3)
  4 gnolls (D:6)
  A howler monkey skeleton (Crypt:1)
  14 adders
  An ooze (D:2)
  2 adder skeletons
  2 worms
  3 dart slugs
  7 leopard geckos
  139 orcs
  8 bats
  9 giant cockroaches
  3 gnoll zombies (Ossuary)
  16 goblins
  11 hobgoblins
  22 jackals
  7 quokkas
  A bat simulacrum (Ossuary)
  3 frilled lizards
  3 goblin simulacra (Ossuary)
  4 goblin zombies (Ossuary)
  3 hobgoblin zombies (Ossuary)
  10 kobolds
  8 kobold simulacra (Ossuary)
  8 kobold zombies (Ossuary)
  A leopard gecko skeleton (D:5)
  3 orc zombies (Ossuary)
  A quokka skeleton (D:2)
  6 rats
  2 rat simulacra (Ossuary)
  2 spectral goblins (Ossuary)
  5 spectral kobolds (Ossuary)
  A spectral rat (Ossuary)
  4 briar patches
  A lurking horror (Abyss:2)
  2 plants
  5 withered plants (Crypt:3)
2333 creatures vanquished.

Vanquished Creatures (collateral kills)
  Mara (Depths:1)
  A nagaraja (Snake:4)
  A vault guard (Vaults:2)
  A catoblepas (Lair:6)
  A death yak (Lair:6)
  A two-headed ogre (Vaults:2)
  A deep troll shaman (Lair:6)
  A deep elf mage (Vaults:2)
  A naga ritualist (Snake:4)
  An ugly thing (IceCv)
  2 naga magi (Snake:4)
  2 nagas (Snake:4)
  4 ice beasts (IceCv)
  2 orc warriors (Orc:2)
  An ogre (Vaults:2)
21 creatures vanquished.

Vanquished Creatures (others)
  An unseen horror (Vaults:1)
  A necromancer (Crypt:2)
  An orb spider (shapeshifter) (Depths:3)
  A tyrant leech (Swamp:3)
  2 humans (Lair:5)
  4 insubstantial wisps (Swamp:4)
  A large abomination (Abyss:4)
  An ogre (Vaults:3)
  An orc wizard (Orc:2)
  A ball lightning (Snake:2)
  An orc (Orc:1)
  7 fungi
  30 plants
  13 starspawn tentacles
  13 withered plants (Crypt:3)
78 creatures vanquished.

Grand Total: 2432 creatures vanquished

Notes
Turn   | Place    | Note
-------+----------+-------------------------------------------
     0 | D:1      | PikkenKukken the Demonspawn Berserker began the quest for the Orb.
     0 | D:1      | Reached XP level 1. HP: 18/18 MP: 1/1
    76 | D:1      | Gained mutation: Your movements are slightly less encumbered by armour. (ER -2) [demonic ancestry]
    76 | D:1      | Reached XP level 2. HP: 14/24 MP: 2/2
   267 | D:1      | Reached skill level 3 in Polearms
   608 | D:1      | Gained mutation: You have sharp toenails. [demonic ancestry]
   608 | D:1      | Reached XP level 3. HP: 29/29 MP: 3/3
   780 | D:2      | Reached ** piety under Trog
   972 | D:2      | Gained mutation: Your movements are less encumbered by armour. (ER -4) [demonic ancestry]
   972 | D:2      | Reached XP level 4. HP: 22/37 MP: 4/4
  1239 | D:2      | Found a stormy altar of Qazlal.
  1618 | D:2      | Found an ancient bone altar of Kikubaaqudgha.
  1620 | D:2      | Found a blossoming altar of Fedhas.
  1872 | D:3      | Noticed Sigmund
  2531 | D:3      | Killed Sigmund
  2531 | D:3      | Reached skill level 4 in Polearms
  2531 | D:3      | Gained mutation: You have razor-sharp toenails. [demonic ancestry]
  2531 | D:3      | Reached XP level 5. HP: 42/42 MP: 5/5
  2604 | D:3      | Noticed Robin
  2605 | D:3      | Reached XP level 6. HP: 48/48 MP: 6/6
  2613 | D:3      | Killed Robin
  2626 | D:3      | Reached *** piety under Trog
  2704 | D:3      | Noticed Ashiichan's ghost (amateur DECj)
  2713 | D:3      | Killed Ashiichan's ghost
  2713 | D:3      | Reached skill level 5 in Polearms
  3206 | D:3      | Reached XP level 7. HP: 55/55 MP: 7/7
  3431 | D:4      | Found a glowing silver altar of Zin.
  3431 | D:4      | Found a white marble altar of Elyvilon.
  3431 | D:4      | Found a sparkling altar of Nemelex Xobeh.
  3968 | D:4      | Reached skill level 6 in Polearms
  4153 | D:4      | Found an iron altar of Okawaru.
  4185 | D:4      | Noticed Chudej's ghost (novice DECj)
  4197 | D:4      | Killed Chudej's ghost
  4197 | D:4      | Reached XP level 8. HP: 25/61 MP: 8/8
  4468 | D:4      | Reached skill level 5 in Fighting
  4851 | D:5      | Entered Level 5 of the Dungeon
  5196 | D:5      | Reached skill level 5 in Armour
  5258 | D:5      | Reached **** piety under Trog
  5285 | D:5      | Reached skill level 7 in Polearms
  5404 | D:5      | Found a sacrificial altar of Ru.
  5420 | D:5      | Found Atsemuz's Magic Scroll Shop.
  5444 | D:5      | Bought a scroll of identify for 24 gold pieces
  5444 | D:5      | Bought a scroll of identify for 24 gold pieces
  5444 | D:5      | Bought a scroll of identify for 24 gold pieces
  6765 | D:6      | Reached skill level 1 in Bows
  6842 | D:6      | Reached XP level 9. HP: 42/68 MP: 9/9
  6971 | D:6      | Found a staircase to the Ecumenical Temple.
  7536 | D:7      | Reached skill level 8 in Polearms
  8729 | D:8      | Found a sand-covered staircase.
  8734 | Ossuary  | Entered an ossuary
  8815 | Ossuary  | Reached ***** piety under Trog
  8886 | Ossuary  | Received a gift from Trog
  9141 | D:8      | Noticed a four-headed hydra
  9145 | D:8      | Killed a seven-headed hydra
  9145 | D:8      | Reached skill level 9 in Polearms
  9520 | D:8      | Noticed Ashiichan's ghost (novice DENe)
  9535 | D:8      | Killed Ashiichan's ghost
  9535 | D:8      | Reached XP level 10. HP: 77/77 MP: 10/10
 10237 | D:8      | Got a pair of heavily runed gloves
 10238 | D:8      | Identified the +0 pair of gloves of the Wasteland {rF- Str+6 Dex+6} (You found it on level 8 of the Dungeon)
 10267 | D:8      | Got a pitted leather armour
 10268 | D:8      | Identified the +2 leather armour of Heresy {rPois rCorr Str-3} (You found it on level 8 of the Dungeon)
 10615 | D:9      | Received a gift from Trog
 10721 | D:9      | Reached skill level 10 in Polearms
 11544 | D:9      | Received a gift from Trog
 11687 | D:10     | Entered Level 10 of the Dungeon
 11877 | D:10     | Noticed Erica
 11904 | D:10     | Killed Erica
 12209 | D:10     | Received a gift from Trog
 12221 | D:10     | Gained mutation: You are partially covered in sharp spines. [demonic ancestry]
 12221 | D:10     | Reached XP level 11. HP: 84/84 MP: 11/11
 12223 | D:10     | Reached skill level 5 in Bows
 12376 | D:10     | Reached skill level 11 in Polearms
 13685 | D:11     | Received a gift from Trog
 13695 | D:11     | Noticed a seven-headed hydra
 14004 | D:10     | Killed a nine-headed hydra
 14312 | D:11     | Noticed a two-headed ogre
 14355 | D:11     | Found a staircase to the Orcish Mines.
 14355 | D:11     | Noticed a two-headed ogre
 14366 | D:10     | Killed a two-headed ogre
 15267 | D:11     | Reached skill level 12 in Polearms
 15310 | D:11     | Killed a two-headed ogre
 15703 | D:11     | Found a staircase to the Lair.
 15708 | D:11     | Gained mutation: When hurt, damage is shared between your health and your magic reserves. [demonic ancestry]
 15708 | D:11     | Reached XP level 12. HP: 94/94 MP: 12/12
 15732 | Lair:1   | Entered Level 1 of the Lair of Beasts
 15732 | Lair:1   | Noticed Prince Ribbit
 15736 | Lair:1   | Killed Prince Ribbit
 15754 | Lair:1   | Received a gift from Trog
 17164 | Lair:2   | Noticed LevaFresel's ghost (journeyman KoHu)
 17174 | Lair:2   | Killed LevaFresel's ghost
 17191 | Lair:2   | Found a frozen archway.
 17203 | IceCv    | Entered an ice cave
 17216 | IceCv    | Found a transporter.
 17336 | IceCv    | Reached skill level 13 in Polearms
 18719 | Lair:3   | Found a staircase to the Swamp.
 18907 | Lair:3   | Received a gift from Trog
 19175 | Lair:3   | Noticed a death yak
 19176 | Lair:3   | Noticed a death yak
 19190 | Lair:3   | Noticed a death yak
 19192 | Lair:3   | Noticed a death yak
 19194 | Lair:3   | Killed a death yak
 19199 | Lair:3   | Killed a death yak
 19199 | Lair:3   | Reached XP level 13. HP: 81/103 MP: 11/13
 19206 | Lair:3   | Reached skill level 10 in Fighting
 19577 | Lair:4   | Found a staircase to the Snake Pit.
 19878 | Lair:4   | Received a gift from Trog
 19885 | Lair:4   | Got a brightly glowing trident {god gift}
 19987 | Lair:4   | Identified the +5 trident of Foolhardiness {flame, *Slow +Rage rPois rN+} (Trog gifted it to you on level 4 of the Lair of Beasts)
 20611 | Lair:5   | Gained mutation: You are resistant to hostile enchantments. (MR+) [potion of mutation]
 20611 | Lair:5   | Gained mutation: You have a pair of small horns on your head. [potion of mutation]
 20611 | Lair:5   | Gained mutation: You have very sharp teeth. [potion of mutation]
 20672 | Lair:5   | Noticed Kirke
 20824 | Lair:5   | Reached skill level 14 in Polearms
 20828 | Lair:5   | Killed Kirke
 21336 | Lair:5   | Found a staircase to the Slime Pits.
 21785 | Lair:6   | Entered Level 6 of the Lair of Beasts
 22333 | Lair:6   | Received a gift from Trog
 22566 | Lair:6   | Gained mutation: You are mostly covered in sharp spines. [demonic ancestry]
 22566 | Lair:6   | Reached XP level 14. HP: 113/113 MP: 14/14
 22573 | Lair:6   | Received a gift from Trog
 22968 | Lair:6   | Reached skill level 10 in Bows
 23188 | Lair:6   | Reached skill level 10 in Armour
 23226 | Lair:6   | Received a gift from Trog
 23892 | Orc:1    | Entered Level 1 of the Orcish Mines
 24003 | Orc:1    | Noticed Josephine
 24021 | D:11     | Killed Josephine
 24248 | Orc:2    | Entered Level 2 of the Orcish Mines
 24268 | Orc:2    | Received a gift from Trog
 24584 | Orc:2    | Received a gift from Trog
 24700 | Orc:2    | Reached ****** piety under Trog
 24964 | Orc:1    | Found a roughly hewn altar of Beogh.
 25146 | Orc:1    | Found Imiuvofecs's Antique Armour Emporium.
 25149 | Orc:1    | Bought a large shield for 103 gold pieces
 25781 | Orc:2    | Noticed an orc warlord
 25795 | Orc:2    | Killed an orc warlord
 25923 | Orc:2    | Found a staircase to the Elven Halls.
 26087 | Orc:2    | Noticed Saint Roka
 26097 | Orc:2    | Received a gift from Trog
 26110 | Orc:2    | Killed Saint Roka
 26375 | Orc:2    | Found a roughly hewn altar of Beogh.
 26573 | Orc:2    | Reached skill level 15 in Polearms
 26579 | Orc:2    | Found Cankaf's Armour Emporium.
 26976 | Orc:2    | Found Qebyomeys's General Store.
 26994 | Orc:2    | Bought a scroll of identify for 28 gold pieces
 26994 | Orc:2    | Bought an uncursed ring of poison resistance for 280 gold pieces
 27190 | Orc:2    | Got a fine silver ring
 27191 | Orc:2    | Identified the ring "Nialit" {Dex+5 Slay+3} (You found it on level 2 of the Orcish Mines)
 27401 | Orc:2    | Found a roughly hewn altar of Beogh.
 27442 | Orc:2    | Found Egoiso Vota's Magic Scroll Boutique.
 27458 | Orc:2    | Bought a scroll of identify for 26 gold pieces
 27458 | Orc:2    | Bought a scroll of identify for 26 gold pieces
 27458 | Orc:2    | Bought a scroll of identify for 26 gold pieces
 27458 | Orc:2    | Bought a scroll of blinking for 97 gold pieces
 27468 | Orc:2    | Found Heusmoug's Magic Scroll Shop.
 27468 | Orc:2    | Noticed an orc warlord
 27473 | Orc:2    | Killed an orc warlord
 27473 | Orc:2    | Reached XP level 15. HP: 122/122 MP: 15/15
 27488 | Orc:2    | Bought a scroll of identify for 32 gold pieces
 27488 | Orc:2    | Bought a scroll of identify for 32 gold pieces
 27488 | Orc:2    | Bought a scroll of identify for 32 gold pieces
 27488 | Orc:2    | Bought a scroll of identify for 32 gold pieces
 27488 | Orc:2    | Bought a scroll of blinking for 120 gold pieces
 27488 | Orc:2    | Bought a scroll of enchant weapon for 120 gold pieces
 28309 | Swamp:1  | Entered Level 1 of the Swamp
 28309 | Swamp:1  | Noticed a thorn hunter
 28319 | Lair:3   | Killed a thorn hunter
 28580 | Swamp:1  | Noticed Aizul
 28594 | Swamp:1  | Killed Aizul
 28594 | Swamp:1  | Reached skill level 1 in Evocations
 29264 | Swamp:1  | Received a gift from Trog
 30546 | Swamp:2  | Noticed a thorn hunter
 30560 | Swamp:2  | Killed a thorn hunter
 30773 | Swamp:2  | Noticed a thorn hunter
 30781 | Swamp:2  | Killed a thorn hunter
 31265 | Swamp:3  | Noticed a thorn hunter
 31274 | Swamp:3  | Killed a thorn hunter
 31414 | Swamp:3  | Gained mutation: Your movements are significantly less encumbered by armour. (ER -6) [demonic ancestry]
 31414 | Swamp:3  | Reached XP level 16. HP: 131/131 MP: 16/19
 31431 | Swamp:3  | Received a gift from Trog
 31668 | Swamp:3  | Received a gift from Trog
 31960 | Swamp:4  | Entered Level 4 of the Swamp
 31967 | Swamp:4  | Reached skill level 5 in Evocations
 31985 | Swamp:4  | Lost mutation: You are resistant to hostile enchantments. (MR+) [potion of mutation]
 31985 | Swamp:4  | Lost mutation: You have a pair of small horns on your head. [potion of mutation]
 31985 | Swamp:4  | Lost mutation: You have very sharp teeth. [potion of mutation]
 31985 | Swamp:4  | Gained mutation: You expend magic power (3 MP) to strengthen your wands. [potion of mutation]
 31985 | Swamp:4  | Gained mutation: You possess an exceptional clarity of mind. [potion of mutation]
 31986 | Swamp:4  | Lost mutation: You possess an exceptional clarity of mind. [potion of mutation]
 31986 | Swamp:4  | Lost mutation: You expend magic power (3 MP) to strengthen your wands. [potion of mutation]
 31986 | Swamp:4  | Gained mutation: You are somewhat resistant to further mutation. [potion of mutation]
 31987 | Swamp:4  | Lost mutation: You are somewhat resistant to further mutation. [potion of mutation]
 31987 | Swamp:4  | Gained mutation: You are somewhat resistant to further mutation. [potion of mutation]
 32000 | Swamp:4  | Noticed a thorn hunter
 32009 | Swamp:4  | Killed a thorn hunter
 32377 | Swamp:4  | Lost mutation: You are somewhat resistant to further mutation. [potion of mutation]
 32377 | Swamp:4  | Gained mutation: Scrolls take you a little longer to read. [potion of mutation]
 32377 | Swamp:4  | Gained mutation: You are resistant to electric shocks. (rElec) [potion of mutation]
 32377 | Swamp:4  | Gained mutation: You have sharp fingernails. [potion of mutation]
 32377 | Swamp:4  | Gained mutation: Your flesh is cold resistant. (rC+) [potion of mutation]
 32642 | Swamp:4  | Noticed a bone dragon
 32656 | Swamp:4  | Killed a bone dragon
 33135 | Swamp:4  | Got a decaying rune of Zot
 33586 | Snake:1  | Entered Level 1 of the Snake Pit
 34018 | Snake:1  | Found Nouchoem's Distillery.
 34028 | Snake:1  | Received a gift from Trog
 34046 | Snake:1  | Bought a potion of heal wounds for 75 gold pieces
 34046 | Snake:1  | Bought a potion of might for 60 gold pieces
 34278 | Snake:1  | Got a steaming garnet amulet
 34281 | Snake:1  | Identified the amulet "Ataiboyr" {Inacc rF++ Str+3 Dex-2} (You found it on level 1 of the Snake Pit)
 34851 | Snake:1  | Found Ediniott's Gadget Shoppe.
 34853 | Snake:1  | Found Casse's Armour Emporium.
 35351 | Snake:1  | Got a sparkling copper ring
 35609 | Snake:2  | Reached skill level 16 in Polearms
 35704 | Snake:2  | Gained mutation: You have claws for feet. [demonic ancestry]
 35704 | Snake:2  | Reached XP level 17. HP: 135/139 MP: 22/22
 36735 | Snake:2  | Reached skill level 15 in Fighting
 36975 | Snake:2  | Received a gift from Trog
 38299 | Snake:3  | Noticed Faustar's ghost (adept HOMo)
 38313 | Snake:3  | Killed Faustar's ghost
 38503 | Snake:3  | Noticed Vashnia
 38594 | Snake:3  | Killed Vashnia
 39700 | Snake:4  | Entered Level 4 of the Snake Pit
 39941 | Snake:4  | Received a gift from Trog
 40228 | Snake:4  | Noticed Bai Suzhen
 40261 | Snake:4  | Killed Bai Suzhen
 40261 | Snake:4  | Gained mutation: You are robust. (+10% HP) [demonic ancestry]
 40261 | Snake:4  | Reached XP level 18. HP: 166/166 MP: 24/24
 41073 | Snake:4  | Received a gift from Trog
 42414 | Snake:4  | Got a serpentine rune of Zot
 42433 | Snake:4  | Reached skill level 10 in Evocations
 42824 | Elf:1    | Entered Level 1 of the Elven Halls
 43412 | Elf:1    | Reached skill level 17 in Polearms
 43443 | Elf:1    | Received a gift from Trog
 43469 | Elf:1    | Received a gift from Trog
 43592 | Elf:1    | Identified Roga's Catalogue of Confrontation and Summoning
 44118 | Elf:2    | HP: 7/168 [poisoned by a trident of venom]
 44123 | Elf:2    | HP: 8/168 [poisoned by a trident of venom]
 44125 | Elf:1    | HP: 1/168 [poisoned by a trident of venom]
 45114 | Elf:2    | Received a gift from Trog
 45491 | Elf:2    | Found a runed gate.
 45491 | Elf:2    | Found a runed gate.
 45491 | Elf:2    | Found a runed gate.
 45554 | Elf:3    | Entered Level 3 of the Elven Halls
 45565 | Elf:3    | Received a gift from Trog
 45810 | Elf:3    | Found a radiant altar of Vehumet.
 46091 | Elf:2    | Found Ceud's Armour Emporium.
 46136 | Elf:3    | Gained mutation: You regenerate magic rapidly. [demonic ancestry]
 46136 | Elf:3    | Reached XP level 19. HP: 174/174 MP: 9/27
 46435 | Elf:3    | Found Eprej's Gadget Emporium.
 46435 | Elf:3    | Found Raez's Jewellery Boutique.
 46436 | Elf:3    | Found Biul's Jewellery Boutique.
 46461 | Elf:3    | Bought the ring "Beoto" {*Contam +Fly rPois rN+++ Str+5} for 1048 gold pieces
 47034 | Elf:3    | Cast into level 2 of the Abyss (a deep elf demonologist)
 47359 | Elf:3    | Escaped the Abyss
 47360 | Elf:3    | Noticed a Brimstone Fiend
 47368 | Elf:3    | Received a gift from Trog
 48012 | D:12     | Identified a scroll of acquirement
 48142 | D:12     | Identified the ring "Dofoceb" {*Corrode rElec rPois rF+ MR+} (You took it off a naga ritualist on level 1 of the Snake Pit)
 48222 | D:12     | Received a gift from Trog
 48724 | D:13     | Reached skill level 18 in Polearms
 49900 | D:14     | Noticed Rupert
 49903 | D:14     | Killed Rupert
 49924 | D:14     | Received a gift from Trog
 49982 | D:14     | Found a gate to the Vaults.
 50119 | D:14     | Noticed Frances
 50129 | D:14     | Killed Frances
 50138 | D:14     | Received a gift from Trog
 50622 | Vaults:1 | Entered Level 1 of the Vaults
 50738 | Vaults:1 | Received a gift from Trog
 50757 | Vaults:1 | Reached XP level 20. HP: 142/184 MP: 29/29
 50932 | Vaults:1 | Received a gift from Trog
 51492 | Vaults:1 | Reached skill level 19 in Polearms
 52584 | Vaults:1 | Received a gift from Trog
 52770 | Vaults:2 | Received a gift from Trog
 52798 | Vaults:2 | Received a gift from Trog
 53285 | Vaults:2 | Received a gift from Trog
 54073 | Vaults:2 | Received a gift from Trog
 54081 | Vaults:2 | Got a jewelled glaive {god gift}
 54084 | Vaults:2 | Identified the +4 glaive "Tusunt" {chop, rPois} (Trog gifted it to you on level 2 of the Vaults)
 55079 | Vaults:3 | Reached XP level 21. HP: 188/194 MP: 8/30
 55268 | Vaults:3 | Found a staircase to the Crypt.
 55335 | Vaults:3 | Reached skill level 20 in Polearms
 56208 | Vaults:3 | Reached skill level 15 in Armour
 56232 | Vaults:3 | Received a gift from Trog
 57257 | Vaults:3 | Received a gift from Trog
 57609 | Crypt:1  | Entered Level 1 of the Crypt
 57690 | Crypt:1  | Found a magical portal.
 57699 | WizLab   | Entered The Hall of the Hellbinder
 58558 | Crypt:1  | Received a gift from Trog
 60242 | Crypt:2  | Found an ancient bone altar of Kikubaaqudgha.
 60335 | Crypt:2  | Received a gift from Trog
 60935 | Crypt:2  | Found a basalt altar of Yredelemnul.
 61047 | Crypt:2  | Gained mutation: When low on magic, you restore magic in place of health. [demonic ancestry]
 61047 | Crypt:2  | Reached XP level 22. HP: 205/208 MP: 10/31
 61326 | Crypt:3  | Entered Level 3 of the Crypt
 62151 | Crypt:2  | Received a gift from Trog
 63017 | Crypt:3  | Cast into level 4 of the Abyss (a lich)
 63017 | Abyss:4  | Found a corrupted altar of Lugonu.
 63035 | Abyss:4  | Received a gift from Trog
 63202 | Abyss:4  | Found a stormy altar of Qazlal.
 63280 | Crypt:3  | Escaped the Abyss
 64612 | Crypt:3  | Found an ancient bone altar of Kikubaaqudgha.
 64837 | Crypt:3  | Noticed an ancient lich
 64837 | Crypt:3  | Cast into level 5 of the Abyss (an ancient lich)
 64837 | Abyss:5  | Entered Level 5 of the Abyss
 64995 | Abyss:5  | Received a gift from Trog
 65099 | Abyss:5  | Noticed an ancient lich
 65106 | Abyss:5  | Killed an ancient lich
 65108 | Crypt:3  | Escaped the Abyss
 65121 | Crypt:3  | Killed an ancient lich
 65121 | Crypt:3  | Received a gift from Trog
 65226 | Crypt:3  | Got a steaming steel ring
 65247 | Crypt:3  | Identified the ring "Udott" {Ice MR+} (You found it on level 3 of the Crypt)
 65531 | Crypt:3  | Received a gift from Trog
 65900 | Crypt:3  | Found a staircase to the Tomb.
 67193 | Vaults:4 | Received a gift from Trog
 67338 | Vaults:4 | Noticed Frederick
 67356 | Vaults:4 | Killed Frederick
 67375 | Vaults:4 | Noticed Xtahua
 67405 | Vaults:4 | Reached skill level 21 in Polearms
 67405 | Vaults:4 | Reached XP level 23. HP: 80/217 MP: 10/32
 67718 | Vaults:4 | Killed Xtahua
 68324 | Vaults:4 | Paralysed by an orc sorcerer for 4 turns
 68334 | Vaults:4 | Received a gift from Trog
 69106 | D:15     | Entered Level 15 of the Dungeon
 69106 | D:15     | Found Tyahuwas's Book Shoppe.
 69801 | D:15     | Paralysed by an orc sorcerer for 3 turns
 69810 | D:15     | Received a gift from Trog
 69845 | D:15     | Found a staircase to the Depths.
 69905 | D:15     | Found Epoyw's Antique Weapon Emporium.
 70072 | Depths:1 | Entered Level 1 of the Depths
 70237 | Depths:1 | Paralysed by a vampire knight for 7 turns
 70461 | Depths:1 | Noticed Nikola
 70468 | Depths:1 | Killed Nikola
 71333 | Depths:1 | Found a one-way gate to the infinite horrors of the Abyss.
 71351 | Depths:1 | Noticed Mara
 71392 | Depths:1 | Noticed PikkenKukken's illusion
 71406 | Depths:1 | Killed Mara
 71406 | Depths:1 | Reached skill level 22 in Polearms
 71534 | Depths:1 | Received a gift from Trog
 71738 | Depths:1 | Found a gateway to Hell.
 72999 | Depths:2 | Received a gift from Trog
 73574 | Depths:2 | Reached skill level 5 in Dodging
 73697 | Depths:3 | Found a one-way gate leading to the halls of Pandemonium.
 73708 | Depths:3 | Gained mutation: You are completely covered in sharp spines. [demonic ancestry]
 73708 | Depths:3 | Reached XP level 24. HP: 228/228 MP: 9/32
 74517 | Depths:2 | Received a gift from Trog
 74652 | Depths:2 | Received a gift from Trog
 76078 | Depths:3 | Reached skill level 23 in Polearms
 76092 | Depths:3 | Found a runed gate.
 76092 | Depths:3 | Found a runed gate.
 76092 | Depths:3 | Found a runed gate.
 76221 | Depths:3 | Found a runed gate.
 76221 | Depths:3 | Found a runed gate.
 76221 | Depths:3 | Found a runed gate.
 76330 | Depths:3 | Received a gift from Trog
 76383 | Depths:3 | Received a gift from Trog
 77052 | Depths:4 | Noticed a juggernaut
 77072 | Depths:4 | Killed a juggernaut
 77072 | Depths:4 | Received a gift from Trog
 77192 | Depths:4 | Noticed Mennas
 77437 | Depths:4 | HP: 9/231 [ettin/dire flail (7)]
 77437 | Depths:4 | Slain by an ettin

Skill      XL: |  1  2  3  4  5  6  7  8  9 10 11 12 13 14 15 16 17 18 19 20 21 22 23 24 |
---------------+-------------------------------------------------------------------------+-----
Polearms       | 3 4 5 6 7 9 10 12 13 14 15 16 17 18 19 20 21 22 23 | 23.3
Armour         | 2 3 4 5 6 7 8 9 10 11 12 13 14 16 17 18 | 18.0
Dodging        | 2 3 4 5 7 |  7.5
Fighting       | 4 5 6 7 8 9 11 12 13 14 15 16 17 18 19 20 21 | 21.8
Bows           | 1 3 4 6 8 9 11 12 13 14 | 14.1
Evocations     | 4 7 9 10 12 | 12.4

Action                   |  1- 3 |  4- 6 |  7- 9 | 10-12 | 13-15 | 16-18 | 19-21 | 22-24 || total
-------------------------+-------+-------+-------+-------+-------+-------+-------+-------++-------
Melee: Spear             |   146 |   136 |   329 |       |       |       |       |       ||   611
       Kick              |    11 |    28 |   182 |   174 |   309 |   413 |   548 |   630 ||  2295
       Glaive            |       |       |   189 |   545 |   166 |     6 |   470 |    56 ||  1432
       Halberd           |       |       |    52 |       |       |       |       |       ||    52
       Trident           |       |       |       |       |   565 |  1192 |    42 |       ||  1799
       Headbutt          |       |       |       |       |   147 |    15 |       |       ||   162
       Bite              |       |       |       |       |    87 |     8 |       |       ||    95
       Bardiche          |       |       |       |       |       |   168 |   801 |  1398 ||  2367
 Fire: Shortbow          |       |       |     4 |   103 |   156 |       |       |       ||   263
       Longbow           |       |       |       |       |   175 |   139 |    99 |    39 ||   452
Invok: Berserk           |     1 |     4 |     9 |     8 |    16 |    10 |    12 |    17 ||    77
       Trog's Hand       |       |     2 |     1 |       |     1 |     2 |     1 |     2 ||     9
       Brothers in Arms  |       |       |       |     1 |     2 |     1 |     2 |     2 ||     8
       Burn Spellbooks   |       |       |       |     1 |       |       |     1 |     2 ||     4
Evoke: Wand              |       |       |       |       |       |     3 |       |       ||     3
       Lightning rod     |       |       |       |       |       |     3 |       |       ||     3
  Use: Scroll            |     2 |     1 |     9 |    17 |    24 |    10 |    12 |     9 ||    84
       Potion            |     2 |       |     1 |     1 |    16 |    14 |     4 |     6 ||    44
 Stab: Sleeping          |       |       |       |     1 |       |       |       |       ||     1
       Petrified         |       |       |       |       |     1 |       |       |       ||     1
       Distracted        |       |       |       |       |       |     3 |       |     2 ||     5
       Invisible         |       |       |       |       |       |       |       |     1 ||     1
  Eat: Chunk             |     1 |     8 |    19 |    16 |    50 |    59 |    59 |    69 ||   281
       Ration            |       |     1 |     3 |     7 |     6 |       |       |     3 ||    20
Armor: Animal skin       |     9 |       |       |       |       |       |       |       ||     9
       Ring mail         |    17 |    31 |    87 |       |       |       |       |       ||   135
       Plate armour      |       |       |    77 |   207 |       |       |       |       ||   284
       Leather armour    |       |       |       |    52 |       |       |       |       ||    52
       Crystal plate arm |       |       |       |    17 |   326 |   600 |   755 |   916 ||  2614
Dodge: Dodged            |    60 |    50 |   256 |   352 |   252 |   371 |   488 |   670 ||  2499
